 Dungeon Crawl Stone Soup version 0.23-a0-554-gd3cbc84 (webtiles) character file.

1889 ilii the Magician (level 8, -11/46 HPs)
             Began as a Deep Elf Wizard on Sept 15, 2015.
             Was an Initiate of Dithmenos.
             Killed from afar by a gargoyle (28 damage)
             ... with a stone arrow
             ... on level 6 of the Dungeon on Dec 10, 2018.
             The game lasted 00:29:59 (6722 turns).

ilii the Magician (Deep Elf Wizard)                 Turns: 6722, Time: 00:30:00

Health: -11/46     AC:  4    Str:  7    XL:     8   Next: 92%
Magic:  9/21       EV: 15    Int: 26    God:    Dithmenos [......]
Gold:   123        SH:  0    Dex: 13    Spells: 10/21 levels left

rFire    . . .     SeeInvis .   t - +0 dagger
rCold    . . .     Gourm    .   (no shield)
rNeg     . . .     Faith    .   a - +0 robe
rPois    .         Spirit   .   b - +0 hat
rElec    .         Reflect  .   f - +1 cloak {MR+}
rCorr    .         Harm     .   (no gloves)
MR       +....                  (no boots)
Stlth    ++........             h - amulet of regeneration
HPRegen  0.55/turn              q - +3 ring of strength
MPRegen  0.17/turn              (no ring)

@: no status effects
A: no striking features
a: Renounce Religion


You were on level 6 of the Dungeon.
You worshipped Dithmenos.
Dithmenos was noncommittal.
You were not hungry.

You visited 2 branches of the dungeon, and saw 8 of its levels.

You collected 288 gold pieces.
You spent 165 gold pieces at shops.

Inventory:

Hand Weapons
 t - a +0 dagger (weapon)
Armour
 a - a +0 robe (worn)
 b - a +0 hat (worn)
 f - a +1 cloak of magic resistance (worn)
Jewellery
 h - an amulet of regeneration (around neck)
 q - a +3 ring of strength (left hand)
 r - an uncursed amulet of harm {unknown}
Wands
 m - a wand of polymorph (12)
Scrolls
 i - 3 scrolls of remove curse
 j - 3 scrolls of teleportation
 k - 3 scrolls of identify
 l - a scroll of fog
 p - 2 scrolls of enchant weapon {unknown}
Potions
 c - 3 potions of curing
 e - 6 potions of lignification
 n - 2 potions of haste
 o - 3 potions of heal wounds
 s - a potion of ambrosia
Comestibles
 d - 10 rations
 g - 8 chunks of flesh


   Skills:
 + Level 3.5 Fighting
 + Level 6.0 Dodging
 - Level 2.4 Stealth
 + Level 7.4 Spellcasting
 * Level 7.1 Conjurations
 - Level 4.0 Summonings
 - Level 1.1 Translocations
 - Level 2.0 Air Magic
 - Level 3.1 Poison Magic


You had 10 spell levels left.
You knew the following spells:

 Your Spells              Type           Power        Failure   Level  Hunger
a - Magic Dart            Conj           ####         1%          1    None
b - Blink                 Tloc           N/A          6%          2    None
d - Mephitic Cloud        Conj/Pois/Air  ####....     3%          3    None
e - Conjure Flame         Conj/Fire      ####....     4%          3    None
z - Call Imp              Summ           ####....     1%          2    None

Your spell library contained the following spells:

 Spells                   Type           Power        Failure   Level  Hunger
 Corona                   Hex            #......      6%          1    None
 Slow                     Hex            #.......     9%          2    None
 Portal Projectile        Hex/Tloc       ##....       14%         3    None
 Inner Flame              Hex/Fire       #.......     19%         3    None
 Cause Fear               Hex            #.........   52%         4    ##.....
 Leda's Liquefaction      Hex/Erth       #.........   52%         4    ##.....


Dungeon Overview and Level Annotations

Branches:
Dungeon (7/15)             Temple (1/1) D:5

Altars:
Ashenzari
Cheibriados
Dithmenos
Elyvilon
Fedhas
Gozag
Kikubaaqudgha
Makhleb
Nemelex Xobeh
Okawaru
Qazlal
Ru
Sif Muna
Trog
Vehumet
Xom
Yredelemnul
Zin
The Shining One

Shops:
D:6 =(*:?*

Annotations:
D:3 3 runed doors, RexLacerta's ghost, amateur HaHu
D:4 3 runed doors, XanderDroid's ghost, amateur GnWn


Message History

The centaur shoots an arrow.
The arrow hits you!
The centaur zombie hits your white imp but does no damage.
There is a stone staircase leading up here.
You see here an arrow.
Your white imp gestures at the centaur zombie.
The puff of frost hits the centaur zombie.
The centaur zombie resists.
The centaur shoots an arrow.
The arrow barely misses you.
The centaur zombie closely misses your white imp.
You climb upwards.
There is a stone staircase leading down here.
Search for what [Enter for "mapp", or ? for help]? battlesphere Can't find anything matching that.
A gargoyle is nearby!
The gargoyle hurls a stone arrow at you.
The stone arrow hits you!
The gargoyle hurls a stone arrow at you.
The stone arrow hits you!
Ouch! That really hurt!
You die...

#.# #.#.# #.# #############.#
#.#.# #<# #.............#
#.#.######.# .#.#.....####.#
#..........#
###..###.####.#######.#.###..####
.#.#.# #......##......#.8..∩..8.#
#.##l###.#######.##########.....#
#.##.....#######...# #.###.#
#.#########....(@..# #.# #.#
#......)# #.####...# #.# #.#
#.#####.# #.# #..## #.# #.# #.#
#[###.# #.9#########.# #.# #.#
#.....# #...........9# #.#
#.#####.########.##.######### #.#
#.#...#.####.....##.♣# #.#
...<.........######..# #.#
.............# #♣∩♣ #.#


You could see a gargoyle.

Vanquished Creatures
  Sigmund (D:5)
  Menkaure (D:4)
  An ice beast (D:5)
  3 phantoms
  An ogre (D:6)
  3 centaurs
  Blork the orc (D:4)
  2 bullfrogs
  3 wights (D:6)
  A crimson imp (D:6)
  2 bullfrog zombies
  3 orc priests
  A centaur skeleton (D:4)
  Jessica (D:3)
  2 iguanas (D:6)
  An orc wizard (D:4)
  7 adders
  5 gnolls (D:3)
  A worker ant zombie (D:5)
  An ooze (D:4)
  An adder skeleton (D:5)
  An adder zombie (D:5)
  A worm (D:3)
  2 dart slugs (D:2)
  3 leopard geckos
  16 orcs
  5 giant cockroaches
  12 goblins
  10 hobgoblins
  4 jackals
  A quokka (D:3)
  A ball python (D:2)
  9 bats
  6 frilled lizards
  3 kobolds
  A leopard gecko skeleton (D:5)
  5 rats
122 creatures vanquished.

Vanquished Creatures (collateral kills)
  An ogre (D:5)
  A scorpion (D:7)
  A hound (D:6)
  An orc priest (D:6)
  An orc wizard (D:6)
  Robin (D:3)
  A gnoll (D:3)
  An orc (D:6)
  A goblin (D:3)
  A hobgoblin (D:3)
  A quokka (D:6)
  A kobold (D:3)
12 creatures vanquished.

Grand Total: 134 creatures vanquished

Notes
Turn   | Place    | Note
-------+----------+-------------------------------------------
     0 | D:1      | ilii the Deep Elf Wizard began the quest for the Orb.
     0 | D:1      | Reached XP level 1. HP: 10/10 MP: 7/7
   324 | D:1      | Reached XP level 2. HP: 15/15 MP: 6/9
   330 | D:1      | Learned a level 2 spell: Blink
   810 | D:2      | Reached XP level 3. HP: 20/20 MP: 9/11
   815 | D:2      | Learned a level 3 spell: Conjure Flame
   819 | D:2      | Learned a level 3 spell: Mephitic Cloud
   822 | D:2      | Learned a level 2 spell: Call Imp
   944 | D:2      | Found a basalt altar of Yredelemnul.
   957 | D:2      | Reached skill level 1 in Fighting
  1091 | D:2      | Reached XP level 4. HP: 25/25 MP: 5/12
  1270 | D:2      | Reached skill level 1 in Poison Magic
  1557 | D:3      | Noticed Jessica
  1563 | D:3      | Killed Jessica
  1563 | D:3      | Reached skill level 1 in Air Magic
  1805 | D:3      | Reached skill level 5 in Spellcasting
  2060 | D:3      | Noticed Robin
  2082 | D:3      | Reached XP level 5. HP: 29/29 MP: 1/14
  2090 | D:3      | Killed Robin
  2945 | D:3      | Found a runed gate.
  2946 | D:3      | Noticed RexLacerta's ghost (amateur HaHu)
  2947 | D:3      | Found a runed gate.
  2947 | D:3      | Found a runed gate.
  3142 | D:4      | Found a blossoming altar of Fedhas.
  3265 | D:4      | Reached XP level 6. HP: 28/34 MP: 8/16
  3353 | D:4      | Noticed Blork the orc
  3357 | D:4      | Noticed Menkaure
  3358 | D:4      | Killed Blork the orc
  3365 | D:4      | Killed Menkaure
  3426 | D:4      | Found a runed gate.
  3427 | D:4      | Found a runed gate.
  3427 | D:4      | Found a runed gate.
  3448 | D:4      | Noticed XanderDroid's ghost (amateur GnWn)
  3567 | D:4      | Reached XP level 7. HP: 40/40 MP: 1/17
  3858 | D:5      | Entered Level 5 of the Dungeon
  4073 | D:5      | Noticed Sigmund
  4251 | D:5      | Found a staircase to the Ecumenical Temple.
  4260 | Temple   | Entered the Ecumenical Temple
  4296 | Temple   | Became a worshipper of Dithmenos the Shadowed
  4375 | D:5      | Killed Sigmund
  4375 | D:5      | Reached skill level 5 in Conjurations
  4960 | D:5      | Reached XP level 8. HP: 45/45 MP: 9/19
  5239 | D:6      | Reached skill level 5 in Dodging
  5282 | D:6      | Noticed a gargoyle
  5353 | D:6      | Found Vavudar's General Store.
  5601 | D:6      | Found Ifinioph's Magic Scroll Shoppe.
  5641 | D:6      | Found Itirph's Jewellery Boutique.
  5664 | D:6      | Found Vaumnis's Assorted Antiques.
  5667 | D:6      | Bought an embroidered cloak for 165 gold pieces
  5789 | D:6      | Found Pemen's Antique Weapon Shoppe.
  5970 | D:6      | Found Fitus's Book Shoppe.
  6722 | D:6      | Killed from afar by a gargoyle

Vault maps used:
D:1:      minmay_arrival_wavy_path
D:2:      yredelemnul_altar_generic, first_ration
D:3:      gammafunk_ghost_nasty_kobolds, uniq_jessica, uniq_robin
D:4:      gammafunk_ghost_split, minivault_23, minmay_misc_feat_five,
          fedhas_altar_2, uniq_menkaure, uniq_blork_the_orc
D:5:      minmay_temple_entry_tees, kennysheep_generic_room_3, uniq_sigmund
D:6:      lightli_ossuary_entry_decrepit_ruins, serial_shops, kennysheep_mini,
          nicolae_shop_overgrown_old_shop, shop_statue, nicolae_shop_waterfront,
          nicolae_shop_trees, corner_web_ring, kennysheep_small_circle
D:7:      uniq_pikel
Temple:   kilobyte_greek_temple_18

Skill      XL: |  1  2  3  4  5  6  7  8 |
---------------+-------------------------+-----
Conjurations   | 2 3 4 5 7 |  7.1
Dodging        | 3 4 6 |  6.0
Fighting       | 1 2 3 |  3.5
Poison Magic   | 1 2 3 |  3.1
Air Magic      | 1 2 |  2.0
Spellcasting   | 5 6 7 |  7.4
Summonings     | 3 4 |  4.0
Stealth        | |  2.4
Translocations | |  1.1

Action                   |  1- 3 |  4- 6 |  7- 9 || total
-------------------------+-------+-------+-------++-------
Melee: Unarmed           |       |     1 |     2 ||     3
       Dagger            |       |       |    23 ||    23
 Cast: Magic Dart        |    66 |   150 |   158 ||   374
       Mephitic Cloud    |       |     6 |    17 ||    23
       Call Imp          |       |     2 |    19 ||    21
       Conjure Flame     |       |     6 |    18 ||    24
       Blink             |       |       |     7 ||     7
Evoke: Wand              |       |     5 |    23 ||    28
  Use: Scroll            |       |     1 |    11 ||    12
       Potion            |       |       |     1 ||     1
 Stab: Confused          |       |       |     1 ||     1
       Sleeping          |       |       |     1 ||     1
  Eat: Chunk             |       |     5 |     9 ||    14
       Ration            |       |     1 |       ||     1
Armor: Robe              |     4 |     4 |     2 ||    10
Dodge: Dodged            |     7 |    34 |    54 ||    95

Table legend:
 A = Non-vault XP
 B = Vault XP
 C = Vault XP percentage of total XP
 D = Non-vault monster count
 E = Vault monster count
 F = Vault count percentage of total count
                 A         B        C        D         E       F
            +---------+---------+-------+---------+---------+-------
      Total |    2132 |     546 |  20.4 |     105 |      16 |  13.2
            +---------+---------+-------+---------+---------+-------
        D:2 |      86 |       0 |   0.0 |      20 |       0 |   0.0
        D:3 |     167 |      64 |  27.7 |      32 |      12 |  27.3
        D:4 |     249 |     256 |  50.7 |      14 |       2 |  12.5
        D:5 |     528 |     226 |  30.0 |      16 |       2 |  11.1
        D:6 |    1002 |       0 |   0.0 |      21 |       0 |   0.0
        D:7 |     100 |       0 |   0.0 |       2 |       0 |   0.0
            +---------+---------+-------+---------+---------+-------
